 Dungeon Crawl Stone Soup version 0.31-a0-865-g3d5d91748a (webtiles) character file.

Game seed: 17284633757546797243

126 subawu the Ruffian (level 5, -7/40 HPs)
             Began as a Gnoll Shapeshifter on Oct 10, 2023.
             Killed from afar by an electric eel (11 damage)
             ... with a bolt of electricity
             ... on level 3 of the Dungeon.
             The game lasted 00:04:45 (2134 turns).

subawu the Ruffian (Gnoll Shapeshifter)             Turns: 2134, Time: 00:04:47

Health: -7/40      AC:  2    Str: 15    XL:     5   Next: 10%
Magic:  7/7        EV: 12    Int: 10    God:
Gold:   123        SH:  4    Dex: 11    Spells: 6/6 levels left

rFire   . .          .
                       - Unarmed
rCold   . . .        p - +0 buckler
rNeg    . . .        a - +0 animal skin
rPois   .            m - melded +0 helmet
rElec   .            (cloak currently unavailable)
rCorr   .            l - melded +0 pair of gloves
SInv    .            (boots currently unavailable)
Will    .....        (no amulet)
Stlth   ++           (no ring)
HPRegen 0.26/turn    (no ring)
MPRegen 0.10/turn

%: no passive effects
@: beast-form
A: beast (slay +3), fangs 1, strong nose, distributed training
a: Begin Untransformation


You were on level 3 of the Dungeon.
You were a hulking beast.
You visited 1 branch of the dungeon, and saw 3 of its levels.

You collected 123 gold pieces.

Inventory:

Armour
 a - a +0 animal skin (worn)
 i - a +0 robe
 l - a +0 pair of gloves (melded)
 m - a +0 helmet (melded)
 p - a +0 buckler (worn)
Jewellery
 t - an amulet of the acrobat
Talismans
 c - a beast talisman (active)
 d - a flux talisman
Wands
 y - a wand of flame (23)
Scrolls
 g - a scroll of identify {unknown}
 h - 3 scrolls of teleportation {unknown}
 j - a scroll of amnesia {unknown}
 k - a scroll of fear {unknown}
 o - a scroll of brand weapon {unknown}
 q - a scroll of vulnerability {unknown}
 r - a scroll of torment {unknown}
 x - a scroll of noise {unknown}
Potions
 b - a potion of lignification
 e - a potion of heal wounds {unknown}
 f - a potion of enlightenment {unknown}
 n - 3 potions of curing {unknown}
 s - a potion of might {unknown}
 u - a potion of haste {unknown}
 v - a potion of invisibility {unknown}
 w - a potion of brilliance {unknown}


   Skills:
 + Level 2.9 Fighting
 + Level 1.4 Short Blades
 + Level 1.4 Long Blades
 + Level 1.4 Axes
 + Level 1.4 Maces & Flails
 + Level 1.4 Polearms
 + Level 1.4 Staves
 + Level 1.4 Ranged Weapons
 + Level 1.4 Throwing
 + Level 1.4 Armour
 + Level 4.7 Dodging
 + Level 1.4 Stealth
 + Level 1.4 Shields
 + Level 6.6 Unarmed Combat
 + Level 1.4 Spellcasting
 + Level 1.1 Conjurations
 + Level 1.1 Hexes
 + Level 1.1 Summonings
 + Level 1.1 Necromancy
 + Level 1.1 Translocations
 + Level 1.1 Transmutations
 + Level 1.1 Fire Magic
 + Level 1.1 Ice Magic
 + Level 1.1 Air Magic
 + Level 1.1 Earth Magic
 + Level 1.1 Poison Magic
 + Level 1.5 Invocations
 + Level 1.4 Evocations
 + Level 6.6 Shapeshifting


You had 6 spell levels left.
You didn't know any spells.
Your spell library was empty.

Dungeon Overview and Level Annotations

Branches:
Dungeon (3/15)

Altars:

Shops:
D:1 *

Annotations:
D:2 Natasha
D:3 1 transporter


Innate Abilities, Weirdness & Mutations

You are a hulking beast.
Your limbs bulge with bestial killing power. (Slay +3)
You have very sharp teeth.
Your uncanny sense of smell can sniff out nearby items.
Your experience applies equally to all skills.


Message History

You kill the dart slug!
You now have 123 gold pieces (gained 18).
You see here a bat corpse.
You see here a +0 spear.
h - 3 scrolls labelled ZACUIM ROEGICONT (gained 1)
A rat comes into view.
Found a scroll labelled VUNLAO IKEIXY.
The rat bites you. You block the rat's attack. The rat bites you.
You completely miss the rat. You bite the rat.
You kill the rat!
x - a scroll labelled VUNLAO IKEIXY
Found a stone staircase leading down.
There is a stone staircase leading down here.
Partly explored, unvisited transporter.
There is a stone staircase leading down here.
There is a transporter here.
You enter the transporter and appear at another place.
y - a wand of flame (23)
Your library has no spells.
There is a transporter landing site here.
You open the door.
The electric eel shoots out a bolt of lightning at you!
The bolt of electricity misses you.
The electric eel shoots out a bolt of lightning at you!
The bolt of electricity hits you! The bolt of electricity misses you.
The electric eel shoots out a bolt of lightning at you!
The bolt of electricity hits you!
The electric eel shoots out a bolt of lightning at you!
The bolt of electricity hits you! The bolt of electricity misses you.
The bolt of electricity hits the plant!
The plant begins to die.
There is an open door here.
The electric eel shoots out a bolt of lightning at you!
The bolt of electricity misses you.
The electric eel shoots out a bolt of lightning at you!
The bolt of electricity hits you!
* * * LOW HITPOINT WARNING * * *
The bolt of electricity hits you!
You die...

#####..######...>#....#
#.....###.##......#
###########.......#.###.....#
##...........©.......# ##....#
##.........#######....# #....#
#..........#8.©.8#....#########
#..........#P...P#..#....###...
#..........###'###..##.#.......
#..........#~.h.S#..##.##.#####
#..........#~...S#..##.##.#####
##.........#~~S~~#..##....##...
##........#~~♣~~#..###..#...##
#####....#~~~~~#..# #..#.###
#....#~~~~~#..# #.#..#
#....#~~P~~#..###...#####
#....###+###..##....###..
#....#P.$.P#..#....###..#


You could see 3 electric eels.

Vanquished Creatures
  Terence (D:2)
  Natasha (D:2)
  An adder (D:2)
  5 dart slugs
  A ball python (D:1)
  7 bats
  7 endoplasms
  2 giant cockroaches (D:1)
  5 goblins
  5 hobgoblins
  3 jackals (D:1)
  3 quokkas
  4 frilled lizards
  4 kobolds
  5 rats
54 creatures vanquished.

Notes
Turn   | Place    | Note
-------+----------+-------------------------------------------
     0 | D:1      | subawu the Gnoll Shapeshifter began the quest for the Orb.
     0 | D:1      | Reached XP level 1. HP: 17/17 MP: 1/1
   106 | D:1      | Reached XP level 2. HP: 21/23 MP: 2/2
   405 | D:1      | Reached XP level 3. HP: 26/28 MP: 3/3
   475 | D:1      | Reached skill level 1 in Invocations
   479 | D:1      | Found Qajoasuc's Assorted Antiques.
   761 | D:1      | Reached skill level 1 in Short Blades
   761 | D:1      | Reached skill level 1 in Long Blades
   761 | D:1      | Reached skill level 1 in Axes
   761 | D:1      | Reached skill level 1 in Maces & Flails
   761 | D:1      | Reached skill level 1 in Polearms
   761 | D:1      | Reached skill level 1 in Staves
   761 | D:1      | Reached skill level 1 in Ranged Weapons
   761 | D:1      | Reached skill level 1 in Throwing
   761 | D:1      | Reached skill level 1 in Armour
   761 | D:1      | Reached skill level 1 in Stealth
   761 | D:1      | Reached skill level 1 in Shields
   761 | D:1      | Reached skill level 1 in Spellcasting
   761 | D:1      | Reached skill level 1 in Evocations
   977 | D:2      | Noticed Natasha
   986 | D:2      | Killed Natasha
   987 | D:2      | Reached XP level 4. HP: 14/34 MP: 5/5
  1083 | D:2      | Identified the +0 pair of boots of Qegom {rPois Regen+
                  | Dex+3}
  1180 | D:2      | Reached skill level 1 in Conjurations
  1180 | D:2      | Reached skill level 1 in Hexes
  1180 | D:2      | Reached skill level 1 in Summonings
  1180 | D:2      | Reached skill level 1 in Necromancy
  1180 | D:2      | Reached skill level 1 in Translocations
  1180 | D:2      | Reached skill level 1 in Transmutations
  1180 | D:2      | Reached skill level 1 in Fire Magic
  1180 | D:2      | Reached skill level 1 in Ice Magic
  1180 | D:2      | Reached skill level 1 in Air Magic
  1180 | D:2      | Reached skill level 1 in Earth Magic
  1180 | D:2      | Reached skill level 1 in Poison Magic
  1218 | D:2      | Noticed Terence
  1226 | D:2      | Killed Terence
  1445 | D:2      | Reached XP level 5. HP: 37/40 MP: 5/7
  1603 | D:2      | Noticed Natasha
  1603 | D:2      | You fall into a shaft and drop 1 floor!
  1690 | D:3      | Found a transporter.
  1705 | D:3      | Found a transporter.
  2134 | D:3      | Killed from afar by an electric eel

Illustrated notes

Levels and vault maps discovered:
D:1:      shiori_arrival_maze, layout_basic, serial_shops, shop,
          minmay_tetromino_o4
D:2:      layout_basic, nicolae_ecumenical_lake_church, uniq_natasha,
          uniq_terence
D:3:      gammafunk_steamed_eel, layout_rooms,
          hangedman_abyss_or_decor_lesser_grid

Skill      XL: |  1  2  3  4 |
---------------+-------------+-----
Invocations    | 1 |  1.5
Short Blades   | 1 |  1.4
Long Blades    | 1 |  1.4
Axes           | 1 |  1.4
Maces & Flails | 1 |  1.4
Polearms       | 1 |  1.4
Staves         | 1 |  1.4
Ranged Weapons | 1 |  1.4
Throwing       | 1 |  1.4
Armour         | 1 |  1.4
Stealth        | 1 |  1.4
Shields        | 1 |  1.4
Spellcasting   | 1 |  1.4
Evocations     | 1 |  1.4
Conjurations   | 1 |  1.1
Hexes          | 1 |  1.1
Summonings     | 1 |  1.1
Necromancy     | 1 |  1.1
Translocations | 1 |  1.1
Transmutations | 1 |  1.1
Fire Magic     | 1 |  1.1
Ice Magic      | 1 |  1.1
Air Magic      | 1 |  1.1
Earth Magic    | 1 |  1.1
Poison Magic   | 1 |  1.1
Fighting       | |  2.9
Dodging        | |  4.7
Unarmed Combat | |  6.6
Shapeshifting  | |  6.6

Action                     |  1- 3 |  4- 6 || total
---------------------------+-------+-------++-------
  Melee: Unarmed           |    69 |    32 ||   101
         Bite              |     2 |     4 ||     6
   Stab: Sleeping          |     2 |     1 ||     3
 Armour: Animal skin       |    34 |    19 ||    53
  Dodge: Dodged            |    65 |    25 ||    90
  Block: Buckler           |       |     8 ||     8
         Form:             |     1 |     1 ||     2
         Beast             |     1 |     1 ||     2

Table legend: (Time is in decaauts)
 A = Elapsed time spent in this place.
 B = Non-inter-level travel time spent in this place.
 C = Inter-level travel time spent in this place.
 D = Time resting spent in this place.
 E = Time spent auto-exploring this place.
 F = Levels seen in this place.
 G = Mean time per level.
                   A        B        C        D        E       F      G
               +--------+--------+--------+--------+--------+-----+--------+
         Total |   2122 |   2037 |     85 |     72 |   1329 |   3 |  707.3 |
       Dungeon |   2122 |   2037 |     85 |     72 |   1329 |   3 |  707.3 |
               +--------+--------+--------+--------+--------+-----+--------+

Top non-repeatable levels by time:
     D:1: 968 daAuts
     D:2: 623 daAuts
     D:3: 529 daAuts
